 Dungeon Crawl Stone Soup version 0.30.0-5-g1a98f26d00 (webtiles) character file.

Game seed: 6167446302058827645

417 howech the Chopper (level 6, -10/55 HPs)
             Began as a Minotaur Berserker on May 11, 2023.
             Was a Believer of Trog.
             Mangled by Eustachio
             ... wielding a +0 rapier of electrocution
              (17 damage)
             ... on level 5 of the Dungeon.
             The game lasted 00:08:02 (3443 turns).

howech the Chopper (Minotaur Berserker)             Turns: 3443, Time: 00:08:03

Health: -10/55     AC:  8    Str: 22    XL:     6   Next: 61%
Magic:  5/5        EV: 10    Int:  6    God:    Trog [**....]
Gold:   212        SH:  0    Dex:  9    Spells: 5/5 levels left

rFire   . . .        a - +0 hand axe
rCold   . . .        (no shield)
rNeg    . . .        h - +0 scale mail
rPois   .            (helmet restricted)
rElec   .            (no cloak)
rCorr   .            q - +0 pair of gloves
SInv    .            (no boots)
Will    ++...        (no amulet) Stlth
                     (no ring)
HPRegen 1.29/turn    (no ring)
MPRegen 0.09/turn

%: no passive effects
@: strong-willed (expiring), regenerating (expiring)
A: horns 2, retaliatory headbutt
a: Renounce Religion, Berserk, Trog's Hand


You were on level 5 of the Dungeon.
You worshipped Trog.
Trog was pleased with you.
You visited 1 branch of the dungeon, and saw 5 of its levels.
You also visited: Sewer.

You collected 212 gold pieces.

Inventory:

Hand Weapons
 a - a +0 hand axe (weapon)
 p - a +0 spear
Missiles
 g - 12 poisoned darts (quivered)
 j - 2 javelins
Armour
 b - a +0 animal skin
 h - a +0 scale mail (worn)
 q - a +0 pair of gloves (worn)
Wands
 s - a wand of roots (3)
Scrolls
 c - 3 scrolls of blinking
 d - 2 scrolls of fog
 e - a scroll of amnesia
 l - 2 scrolls of fear
Potions
 f - 3 potions of curing
 i - 2 potions of heal wounds
 k - 2 potions of lignification {unknown}
 m - 5 potions of flight
 o - 2 potions of berserk rage
 r - a potion of haste {unknown}


   Skills:
 + Level 4.9 Fighting
 * Level 6.0 Axes
 + Level 4.1 Armour
 + Level 3.6 Dodging
 + Level 2.2 Evocations


You had 5 spell levels left.
You didn't know any spells.
Your spell library was empty.

Dungeon Overview and Level Annotations

Branches:
Dungeon (5/15)              Sewer (visited)
 Temple: D:4-7

Altars:
Xom
Zin

Annotations:
D:5 Eustachio


Innate Abilities, Weirdness & Mutations

You have a pair of horns on your head.
You reflexively headbutt those who attack you in melee.


Message History

Eustachio is lightly wounded.
Eustachio mumbles some strange words.
You closely miss Eustachio. Your headbutt misses Eustachio.
Eustachio is lightly wounded.
You hit the rat. The rat completely misses you.
Eustachio gestures wildly while chanting.
You hit Eustachio but do no damage.
Eustachio is lightly wounded.
You barely miss the rat.
The rat disappears in a puff of smoke!
Eustachio hits you but does no damage.
You are electrocuted!
* * * LOW HITPOINT WARNING * * *
You hit Eustachio but do no damage. Your headbutt misses Eustachio.
Eustachio is lightly wounded.
You feel the effects of Trog's Hand fading.
Eustachio hits you but does no damage.
You hit Eustachio.
Eustachio is lightly wounded.
Eustachio gestures wildly while chanting.
You hit Eustachio. You headbutt Eustachio!
Eustachio is heavily wounded.
You hit the ufetubus. The ufetubus closely misses you. You furiously retaliate!
You headbutt the ufetubus!
You kill the ufetubus!
The ufetubus disappears in a puff of smoke!
The white imp shouts, "Escape, thou lumpish bat-fowling horn-beast!"
Eustachio hits you with a +0 rapier of electrocution.
* * * LOW HITPOINT WARNING * * *
You hit Eustachio but do no damage. Your headbutt misses Eustachio.
Eustachio is heavily wounded.
Eustachio hits you with a +0 rapier of electrocution.
* * * LOW HITPOINT WARNING * * *
You hit Eustachio. You headbutt Eustachio.
Eustachio is heavily wounded.
Eustachio closely misses you. You furiously retaliate!
You headbutt Eustachio. You closely miss Eustachio.
Your headbutt misses Eustachio.
Eustachio is severely wounded.
Eustachio hits you with a +0 rapier of electrocution.
* * * LOW HITPOINT WARNING * * *
You are electrocuted!
You die...

###..# ##.## #..# #..#
##.###### ## ##.......#
###.. ##...._....#
.....r######...#####..#
....b5@@....#..#...#..#
#..#####..#....#A..#...
#..###..#...#... #..#
#..#####... #..#
#...._..... #..#
##.......# #..# ###....
#..# ## ##.#


You could see Eustachio, a white imp (summoned), a quokka (summoned) and a bat
(summoned).

Vanquished Creatures
  A water moccasin (Sewer)
  A howler monkey (D:4)
  Jessica (D:2)
  Ijyb (D:4)
  An orc wizard (D:3)
  A sleepcap (D:4)
  3 gnolls (D:5)
  6 adders
  A river rat (D:3)
  A worm (D:2)
  A dart slug (D:1)
  4 orcs (D:3)
  7 ball pythons
  9 bats
  6 endoplasms
  3 giant cockroaches
  2 goblins
  11 hobgoblins
  4 quokkas
  5 frilled lizards
  7 kobolds
  A rat (D:2)
77 creatures vanquished.

Vanquished Creatures (others)
  A shadow imp (D:5)
1 creature vanquished.

Grand Total: 78 creatures vanquished

Notes
Turn   | Place    | Note
-------+----------+-------------------------------------------
     0 | D:1      | howech the Minotaur Berserker began the quest for the Orb.
     0 | D:1      | Reached XP level 1. HP: 19/19 MP: 0/0
   145 | D:1      | Reached XP level 2. HP: 22/27 MP: 1/1
   292 | D:1      | Reached skill level 4 in Axes
   919 | D:2      | Noticed Jessica
   923 | D:2      | Killed Jessica
   923 | D:2      | Reached ** piety under Trog
   924 | D:2      | Reached XP level 3. HP: 33/33 MP: 2/2
   931 | D:2      | Reached skill level 1 in Evocations
  1093 | D:2      | Reached XP level 4. HP: 14/40 MP: 3/3
  2106 | D:3      | Reached skill level 5 in Axes
  2106 | D:3      | Reached XP level 5. HP: 34/47 MP: 4/4
  2116 | D:3      | Found a glowing drain.
  2120 | Sewer    | Entered a sewer
  2165 | Sewer    | Noticed a water moccasin
  2172 | Sewer    | Killed a water moccasin
  2472 | D:4      | Reached XP level 6. HP: 48/53 MP: 5/5
  2655 | D:4      | Reached *** piety under Trog
  3095 | D:4      | Noticed Ijyb
  3103 | D:4      | Killed Ijyb
  3314 | D:5      | Entered Level 5 of the Dungeon
  3400 | D:5      | Reached skill level 6 in Axes
  3420 | D:5      | Noticed an angel
  3421 | D:5      | Found a shimmering altar of Xom.
  3423 | D:5      | Found a glowing silver altar of Zin.
  3429 | D:5      | Noticed Eustachio
  3443 | D:5      | Mangled by Eustachio

Illustrated notes

Levels and vault maps discovered:
D:1:      sevenhm_arrival_forest_fort_large_3, layout_loops_ring, minmay_vboxes
D:2:      layout_loops_ring, uniq_jessica
D:3:      layout_rooms, gup_sewer_entry_bowl
D:4:      layout_loops_ring, uniq_ijyb
D:5:      layout_cave_pods, grunt_temple_overflow_order_and_chaos_1,
          serial_shops, shop, uniq_edmund, uniq_eustachio

Skill      XL: |  1  2  3  4  5  6 |
---------------+-------------------+-----
Axes           | 4 5 6 |  6.0
Fighting       | 4 |  4.9
Armour         | 3 4 |  4.1
Evocations     | 1 2 |  2.2
Dodging        | 3 |  3.6

Action                     |  1- 3 |  4- 6 || total
---------------------------+-------+-------++-------
  Melee: Hand axe          |    65 |   136 ||   201
         Headbutt          |     6 |    19 ||    25
         Punch             |     1 |     3 ||     4
 Invoke: Trog's Hand       |       |     3 ||     3
    Use: Scroll            |     4 |     9 ||    13
 Armour: Animal skin       |     8 |       ||     8
         Scale mail        |     6 |    68 ||    74
  Dodge: Dodged            |    40 |    76 ||   116
